 Dungeon Crawl Stone Soup version 0.23-a0-49-gd9f7a49 (webtiles) character file.

6 Amnesiac the Conjurer (level 1, 0/13 HPs)
             Began as a Mummy Conjurer on Aug 8, 2018.
             Slain by a jackal (1 damage)
             ... on level 2 of the Dungeon.
             The game lasted 00:00:52 (190 turns).

Amnesiac the Conjurer (Mummy Conjurer)               Turns: 190, Time: 00:00:52

Health: 0/13       AC:  2    Str: 11    XL:     1   Next: 75%
Magic:  1/4        EV: 12    Int: 14    God:
Gold:   26         SH:  0    Dex: 12    Spells: 5/6 levels left

rFire    x . .     SeeInvis .   (no weapon)
rCold    + . .     Gourm    .   (no shield)
rNeg     + + +     Faith    .   a - +0 robe
rPois    ∞         Spirit   .   (no helmet)
rElec    .         Reflect  .   (no cloak)
rCorr    .         Harm     .   (no gloves)
MR       .....                  (no boots)
Stlth    ++........             (no amulet)
HPRegen  0.04/turn              (no ring)
MPRegen  0.09/turn              (no ring)

@: no status effects
A: no food or potions, fire vulnerability, cold resistance 1, negative energy
resistance 3, torment resistance, unbreathing
a: no special abilities


You were on level 2 of the Dungeon.
You were not hungry.

You visited 1 branch of the dungeon, and saw 3 of its levels.

You collected 26 gold pieces.

Inventory:

Armour
 a - a +0 robe (worn)


   Skills:
 - Level 1.5 Dodging
 - Level 1.5 Stealth
 + Level 3.2 Spellcasting
 * Level 3.3 Conjurations


You had 5 spell levels left.
You knew the following spells:

 Your Spells              Type           Power        Failure   Level  Hunger
a - Magic Dart            Conj           ##..         5%          1    N/A

Your spell library contained the following spells:

 Spells                   Type           Power        Failure   Level  Hunger
 Iskenderun's Mystic Bla  Conj           ##......     45%         4    N/A
 Fulminant Prism          Conj/Hex       #.........   71%         4    N/A
 Dazzling Spray           Conj/Hex       #.....       32%         3    N/A
 Force Lance              Conj/Tloc      #.......     71%         4    N/A
 Searing Ray              Conj           ##....       8%          2    N/A

Dungeon Overview and Level Annotations

Branches:
Dungeon (3/15)

Altars:


Innate Abilities, Weirdness & Mutations

You do not eat or drink.
Your flesh is vulnerable to fire.
You are immune to poison.
Your flesh is cold resistant. (rC+)
You are immune to negative energy. (rN+++)
You are immune to unholy pain and torment.
You can survive without breathing.


Message History

A quokka comes into view.
A jackal comes into view.
Casting: Magic Dart (safe; 5% risk of failure)
Confirm with . or Enter, or press ? or * to list all spells.
You don't have enough magic to cast that spell.
Unknown command.
Casting: Magic Dart (safe; 5% risk of failure)
Confirm with . or Enter, or press ? or * to list all spells.
You don't have enough magic to cast that spell.
Casting: Magic Dart (safe; 5% risk of failure)
Confirm with . or Enter, or press ? or * to list all spells.
You don't have enough magic to cast that spell.
The orc shouts!
You hear a shout!
There is a stone staircase leading up here.
The giant cockroach closely misses you.
You barely miss the giant cockroach. The giant cockroach closely misses you.
The giant cockroach barely misses you.
You hit the giant cockroach.
The giant cockroach is moderately wounded.
The giant cockroach barely misses you.
Casting: Magic Dart (safe; 5% risk of failure)
Confirm with . or Enter, or press ? or * to list all spells.
You don't have enough magic to cast that spell.
You hit the giant cockroach but do no damage.
The giant cockroach is moderately wounded.
The giant cockroach bites you.
An orc comes into view.
The orc shouts!
You hear a shout!
An orc comes into view. It is wielding a hand axe.
The orc moves out of view.
There is a stone staircase leading up here.
The giant cockroach completely misses you.
The orc hits you with a flail!
Ouch! That really hurt!
* * * LOW HITPOINT WARNING * * *
You climb upwards.
The jackal closely misses you. The jackal barely misses you.
A jackal comes into view.
There is a stone staircase leading down here.
The giant cockroach closely misses you. The jackal misses you.
The giant cockroach bites you but does no damage.
The giant cockroach bites you.
* * * LOW HITPOINT WARNING * * *
The jackal barely misses you.
Casting: Magic Dart (safe; 5% risk of failure)
Confirm with . or Enter, or press ? or * to list all spells.
Aiming: Magic Dart (safe; 5% risk of failure)
Press: ? - help, Shift-Dir - straight line, f - jackal
Aim: a jackal The magic dart hits the jackal.
The jackal barks!
The jackal closely misses you. The jackal barely misses you.
Really read
c - a scroll labeled JEERUA NISE {!r}?
As you read the scroll labeled JEERUA NISE {!r}, it crumbles to dust.
It is a scroll of enchant weapon.
You aren't carrying any weapons that can be enchanted.
The jackal closely misses you. The jackal barely misses you.
Your magical contamination has completely faded away.
Really read
b - a scroll labeled VEFYM LOANOSU {!r}?
As you read the scroll labeled VEFYM LOANOSU {!r}, it crumbles to dust.
You feel blessed for a moment.
It was a scroll of remove curse {!r}.
The jackal misses you. The jackal bites you.
You die...

#.. ... #.............. #....
%.. #.........#.... ###....
.........[....# ##
.....##..............# ###
#......####........)#
...##.....# #.........#
#.......#.## ########.######
...........#######..........#
)..........ohhsh@...........#
......%..>.#######(.........#
..........## ############
.........## #...#...##
#########


You could see an orc, 3 jackals and a giant cockroach.

Vanquished Creatures
  A bat (D:1)
  3 goblins
  A kobold (D:2)
  2 rats (D:2)
7 creatures vanquished.

Notes
Turn   | Place    | Note
-------+----------+-------------------------------------------
     0 | D:1      | Amnesiac the Mummy Conjurer began the quest for the Orb.
     0 | D:1      | Reached XP level 1. HP: 13/13 MP: 4/4
   190 | D:2      | Slain by a jackal

Vault maps used:
D:1:      minmay_arrival_checkered_box, serial_bayou_pond_c, minmay_tetromino_t2
D:3:      first_ration, uniq_grinder, uniq_crazy_yiuf_cottage, uniq_natasha

Skill      XL: |  1 |
---------------+----+-----
Spellcasting   | 3 |  3.2
Dodging        | |  1.5
Stealth        | |  1.5
Conjurations   | |  3.3

Action                   || total
-------------------------++-------
Melee: Unarmed           ||     3
 Cast: Magic Dart        ||    12
  Use: Scroll            ||     2
Armor: Robe              ||     1
Dodge: Dodged            ||    15

Table legend:
 A = Spawn XP
 B = Non-spawn XP
 C = Spawn XP percentage of total XP
 D = Spawn monster count
 E = Non-spawn monster count
 F = Spawn count percentage of total count
 G = Total turns spent on level
                    A         B        C        D         E        F      G
               +---------+---------+-------+---------+---------+-------+---------
         Total |       0 |       9 |   0.0 |       0 |       7 |   0.0 |   190
               +---------+---------+-------+---------+---------+-------+---------
           D:1 |       0 |       1 |   0.0 |       0 |       1 |   0.0 |    79
           D:2 |       0 |       6 |   0.0 |       0 |       5 |   0.0 |    71
           D:3 |       0 |       2 |   0.0 |       0 |       1 |   0.0 |    40
               +---------+---------+-------+---------+---------+-------+---------
